[Event "*** Titled Tuesday Blitz"]
[Site "Chess.com"]
[Date "2020.02.04"]
[Round "8"]
[White "bsnsun"]
[Black "Vuk2000"]
[Result "1-0"]
[WhiteElo "2446"]
[BlackElo "2643"]
[TimeControl "180+2"]
[EndTime "14:52:01 PST"]
[Termination "bsnsun won by resignation"]

1. d4 Nf6 2. c4 e6 3. Nf3 b6 4. g3 Ba6 5. Qc2 Bb7 6. Bg2 c5 7. O-O cxd4 8. Nxd4 Bxg2 9. Kxg2 Qc8 10. b3 Qb7+ 11. f3 Bc5 12. Bb2 O-O 13. Nd2 Nc6 14. Nxc6 dxc6 15. Bxf6 gxf6 16. Ne4 Be7 17. Qc3 e5 18. g4 Rfd8 19. Rad1 c5 20. Ng3 Rd4 21. Qe3 Rxg4 22. Rd5 Rg6 23. Rfd1 Bf8 24. Kh1 Qc6 25. Qe4 Re8 26. Rd7 Qe6 27. Qd5 a5 28. Rb7 a4 29.
bxa4 Ra8 30. Rxb6 Qxd5 31. cxd5 Rxa4 32. d6 Ra8 33. d7 f5 34. Rxg6+ hxg6 35. d8=Q 1-0

[Event "*** Titled Tuesday Blitz"]
[Site "Chess.com"]
[Date "2020.02.04"]
[Round "8"]
[White "korbul"]
[Black "Terao90"]
[Result "0-1"]
[WhiteElo "2554"]
[BlackElo "2435"]
[TimeControl "180+2"]
[EndTime "14:52:03 PST"]
[Termination "Terao90 won by resignation"]

1. d4 Nf6 2. Nf3 e6 3. c4 b6 4. g3 Bb7 5. Bg2 d5 6. Ne5 Be7 7. Qa4+ c6 8. O-O O-O 9. Nc3 Nfd7 10. Nd3 Nf6 11. Bg5 Nbd7 12. Rad1 a6 13. cxd5 cxd5 14. Ne5 Rc8 15. Bxf6 Nxf6 16. e3 b5 17. Qb3 Nd7 18. f4 Nxe5 19. fxe5 b4 20. Ne2 a5 21. Nf4 Ba6 22.
Rfe1 Qd7 23. Bf1 Bc4 24. Bxc4 dxc4 25. Qc2 c3 26. b3 Bg5 27. Nd3 Qb7 28. Nc5 Qf3 29.
Qe4 Qxe4 30. Nxe4 Be7 31. Rc1 a4 32. Rc2 axb3 33. axb3 Ra8 34. Kf2 Ra3 35. Rb1 Rfa8 36. Ke2 f5 37. Nf2 Ra2 38. Rc1 Rxc2+ 39. Rxc2 Ra3 40.
Nd3 Rxb3 41. Nc5 Bxc5 42. dxc5 Rb2 43. Kd3 Rxc2 44. Kxc2 Kf8 0-1

[Event "*** Titled Tuesday Blitz"]
[Site "Chess.com"]
[Date "2020.02.04"]
[Round "8"]
[White "Gentlejimmy7"]
[Black "almaguerjm"]
[Result "1-0"]
[WhiteElo "2630"]
[BlackElo "2402"]
[TimeControl "180+2"]
[EndTime "14:52:10 PST"]
[Termination "Gentlejimmy7 won by resignation"]

1. d4 Nf6 2. Nf3 g6 3. g3 Bg7 4. Bg2 O-O 5. O-O d6 6. b3 Ng4 7. Bb2 Nd7 8. Nbd2 c5 9. a4 h5 10. h3 Nh6 11. Rb1 Nf5 12. dxc5 Bxb2 13. Rxb2 Nxc5 14.
e4 Ng7 15. Qe2 b6 16. Re1 Ba6 17. Qe3 Rc8 18. Qh6 Nce6 19. c4 Qc7 20. Nb1 Qc5 21.
Nc3 Bb7 22. Nd5 Rfe8 23. Rd2 a6 24. Ng5 Nxg5 25. Qxg5 Ne6 26. Nxe7+ Kf8 27. Qf6 Qg5 28. Qxg5 Nxg5 29. Nxc8 Bxc8 30. h4 Ne6 31. Rxd6 Ke7 32. Rxb6 Rd8 33. Bh3 Rd2 34. Bxe6 fxe6 35. b4 Rd4 36. c5 e5 37. b5 Rxa4 38. bxa6 Rxa6 39. Rxa6 Bxa6 40. Rd1 Bb7 41. Rd6 Bxe4 42. Kf1 Bf5 43. Ke2 Bb1 44. Kd2 Bf5 45. Kc3 1-0

[Event "*** Titled Tuesday Blitz"]
[Site "Chess.com"]
[Date "2020.02.04"]
[Round "8"]
[White "ChEsper99"]
[Black "Mikhail_Golubev"]
[Result "0-1"]
[WhiteElo "2046"]
[BlackElo "2525"]
[TimeControl "180+2"]
[EndTime "14:52:14 PST"]
[Termination "Mikhail_Golubev won by resignation"]

1. e4 c5 2. Nf3 d6 3. Bb5+ Bd7 4.
Bxd7+ Nxd7 5. O-O Ngf6 6. Re1 e6 7.
c3 Be7 8. d4 cxd4 9. cxd4 d5 10. e5 Ne4 11. Nbd2 Nxd2 12. Bxd2 O-O 13. g3 Nb8 14. h4 Nc6 15. Bg5 h6 16. Bxe7 Qxe7 17. Kg2 Rac8 18. Qd2 Qb4 19. Re2 Qxd2 20. Rxd2 Na5 21. b3 Rc3 22. Rad1 Rfc8 23. Rd3 R3c7 24. Ne1 Nc6 25. R3d2 Nb4 26. a3 Nc2 27. Nxc2 Rxc2 28. Rxc2 Rxc2 29. Rd3 b5 30. Kf3 a5 31. Ke3 Kh7 32. Rd2 Rc1 33. Kd3 Kg6 34. Rc2 Ra1 35. b4 Rxa3+ 0-1

[Event "*** Titled Tuesday Blitz"]
[Site "Chess.com"]
[Date "2020.02.04"]
[Round "8"]
[White "Playgood28"]
[Black "colegiodemadrid"]
[Result "0-1"]
[WhiteElo "2272"]
[BlackElo "2362"]
[TimeControl "180+2"]
[EndTime "14:52:15 PST"]
[Termination "colegiodemadrid won by resignation"]

1. d4 Nf6 2. c4 c5 3. d5 b5 4. Qc2 b4 5. e4 d6 6. Nf3 g6 7. h3 Bg7 8. Bd3 O-O 9. Bf4 e5 10.
Be3 Nxe4 11. Bxe4 f5 12. Nbd2 fxe4 13. Nxe4 Bf5 14. g4 Bxe4 15. Qxe4 Qa5 16. O-O Nd7 17.
Ng5 Nf6 18. Qd3 Rae8 19. Ne6 Rf7 20. Nxg7 Kxg7 21. a4 h5 22. f3 Qc7 23. g5 Ng8 24. f4 exf4 25. Bxf4 Qd7 26. b3 Ne7 27. Rae1 Nf5 28.
Rxe8 Qxe8 29. Bc1 Re7 30. Qf3 Re4 31. Bb2+ Kh7 32. Bc1 Qe5 33. Bb2 Qe7 34. Bc1 a5 35. Kh1 Kg8 36. Kg1 Re2 37. Rf2 Re1+ 38. Rf1 Rxc1 39.
Rxc1 Qxg5+ 40. Kh2 Qxc1 0-1

[Event "*** Titled Tuesday Blitz"]
[Site "Chess.com"]
[Date "2020.02.04"]
[Round "8"]
[White "Region_07"]
[Black "wolfje95"]
[Result "0-1"]
[WhiteElo "2483"]
[BlackElo "2393"]
[TimeControl "180+2"]
[EndTime "14:52:18 PST"]
[Termination "wolfje95 won on time"]

1. d4 d5 2. Nf3 e6 3. c4 c6 4. Nc3 dxc4 5. a4 Bb4 6. e4 b5 7. Be2 Nf6 8. e5 Nd5 9. Bd2 O-O 10. O-O a5 11. axb5 Bxc3 12. bxc3 cxb5 13. Ng5 Nxc3 14. Bxc3 Qxg5 15. d5 Bb7 16. Bf3 exd5 17. Bxd5 Rd8 18. f4 Qe7 19. Bxb7 Rxd1 20. Rfxd1 Ra7 21.
Be4 b4 22. Bxb4 Qc7 23. Bc3 g6 24. Rd6 Na6 25. Rxa5 Nc5 26. Rxa7 Qxa7 27. Rd8+ Kg7 28. e6+ Kh6 29. Bd4 Qe7 0-1

[Event "*** Titled Tuesday Blitz"]
[Site "Chess.com"]
[Date "2020.02.04"]
[Round "8"]
[White "ChessBitl"]
[Black "Irishchessman16"]
[Result "0-1"]
[WhiteElo "2342"]
[BlackElo "2264"]
[TimeControl "180+2"]
[EndTime "14:52:22 PST"]
[Termination "Irishchessman16 won by checkmate"]

1. e4 c5 2. Nf3 Nc6 3. d4 cxd4 4. Nxd4 Nf6 5. Nc3 e5 6. Ndb5 d6 7. Nd5 Nxd5 8. exd5 Nb8 9. c4 Nd7 10. Be3 Be7 11.
Bd3 O-O 12. O-O f5 13. f3 f4 14. Bf2 Rf6 15. Qc2 Rh6 16. h3 Bh4 17. Bxh4 Qxh4 18. Nc7 Rb8 19. Bf5 Nc5 20. b4 Rf6 21. Bxc8 Rxc8 22.
bxc5 Rxc7 23. cxd6 Rxd6 24. Rae1 Rxd5 25. Qa4 b5 26. Qa5 Rxc4 27. Rd1 Rcd4 28. Rc1 h6 29. Qxa7 Rd2 30. Qb7 Rxg2+ 31. Kxg2 Rd2+ 32. Kh1 Qxh3+ 33. Kg1 Rg2# 0-1

[Event "*** Titled Tuesday Blitz"]
[Site "Chess.com"]
[Date "2020.02.04"]
[Round "8"]
[White "Blitzstream"]
[Black "Shant_Sargsyan"]
[Result "0-1"]
[WhiteElo "2731"]
[BlackElo "2985"]
[TimeControl "180+2"]
[EndTime "14:52:27 PST"]
[Termination "Shant_Sargsyan won by checkmate"]

1. d4 Nf6 2. Bg5 d5 3. e3 e6 4. c3 Be7 5. Nd2 c5 6. f4 Nc6 7.
Ngf3 h6 8. Bh4 g5 9. Bf2 cxd4 10.
cxd4 Ne4 11. Bd3 Nxf2 12. Kxf2 gxf4 13. exf4 Qb6 14. Qb3 Nb4 15. Be2 Bd7 16. a3 Nc6 17. Qxb6 axb6 18. Ke3 Bf6 19. Ne5 Ne7 20. Bd3 Nc8 21.
Rac1 Bd8 22. Ndf3 Nd6 23. Nxd7 Kxd7 24. Ne5+ Ke7 25. g4 b5 26. h4 Bb6 27. g5 Ra4 28.
Nf3 b4 29. b3 Rxa3 30. Nd2 Ra2 31. Nf3 Rb2 32. Rb1 Ra2 33. Ra1 Ra3 34. Rab1 Raa8 35.
Ne5 Ra2 36. h5 Rg2 37. g6 f6 38. Nf3 Rc8 39. Rhg1 Ra2 40. g7 Kf7 41. Bh7 Rc3+ 42.
Bd3 Nf5# 0-1

[Event "*** Titled Tuesday Blitz"]
[Site "Chess.com"]
[Date "2020.02.04"]
[Round "8"]
[White "earling8018"]
[Black "CastleOasisChess"]
[Result "0-1"]
[WhiteElo "2046"]
[BlackElo "2085"]
[TimeControl "180+2"]
[EndTime "14:52:27 PST"]
[Termination "CastleOasisChess won by resignation"]

1. c4 e6 2. Nc3 d5 3. cxd5 exd5 4. d4 c6 5. Qc2 f5 6. Nf3 Bd6 7. Bg5 Nf6 8. e3 O-O 9. O-O-O h6 10. Bf4 Ne4 11.
Bd3 Be6 12. Bxd6 Qxd6 13. Ne5 Nd7 14. f3 Nxc3 15. Qxc3 Nxe5 16. dxe5 Qd7 17. Rhe1 Rfc8 18. Kb1 c5 19. Rc1 c4 20. Bf1 b5 21. Qd4 a5 22. g4 fxg4 23. fxg4 Bxg4 24. Bg2 Rd8 25. Rc2 Rac8 26. Rd2 Be6 27. Red1 Qf7 28. e4 Qg6 29. Ka1 dxe4 30. Qxd8+ Rxd8 31. Rxd8+ Kh7 32. R8d6 Qxg2 33. Rxe6 e3 34. Red6 e2 35. Rc1 Qf1 0-1

[Event "*** Titled Tuesday Blitz"]
[Site "Chess.com"]
[Date "2020.02.04"]
[Round "8"]
[White "Majkelopulos"]
[Black "Chesstrainer1"]
[Result "1-0"]
[WhiteElo "2487"]
[BlackElo "2363"]
[TimeControl "180+2"]
[EndTime "14:52:30 PST"]
[Termination "Majkelopulos won by resignation"]

1. e4 c5 2. Ne2 a6 3. g3 b5 4. Bg2 Bb7 5. O-O Nf6 6. d3 e6 7. f4 d5 8. e5 Nfd7 9. c3 Nc6 10. d4 Qb6 11. Be3 b4 12. Nd2 a5 13. Nf3 Be7 14.
g4 h5 15. h3 hxg4 16. hxg4 O-O-O 17. Rc1 Kb8 18. Qd2 a4 19. f5 Na5 20. cxb4 cxb4 21. Bf4 Nc4 22. Qc2 b3 23. axb3 axb3 24. Qb1 Rc8 25.
Rfd1 Qa7 26. Nc3 Qa5 27. Rd3 Rc6 28. Nd1 Rb6 29. Rcc3 Qa2 30. Qc1 Rc8 31. f6 gxf6 32.
exf6+ Bd6 33. Bxd6+ Nxd6 34. g5 Nc4 35. Qf4+ Ka7 36.
g6 fxg6 37. f7 Rf8 38. Ng5 Nxb2 39. Nxb2 Qxb2 40. Nh7 Ba6 41. Nxf8 Nxf8 42. Qc7+ Rb7 43. Qc5+ Ka8 44. Qxf8+ Rb8 45. Qxb8+ 1-0

[Event "*** Titled Tuesday Blitz"]
[Site "Chess.com"]
[Date "2020.02.04"]
[Round "8"]
[White "VALPARAISO37"]
[Black "Hasangatin_Ramil"]
[Result "0-1"]
[WhiteElo "2274"]
[BlackElo "2538"]
[TimeControl "180+2"]
[EndTime "14:52:48 PST"]
[Termination "Hasangatin_Ramil won on time"]

1. d4 d6 2. e4 Nf6 3. f3 d5 4. e5 Nfd7 5. f4 c5 6. c3 Nc6 7. Nf3 cxd4 8. cxd4 Nb6 9. a3 Bf5 10. Bd3 Qd7 11. O-O g6 12. Nc3 Bg7 13. Be3 O-O 14.
Rc1 Rfc8 15. Kh1 Nc4 16. Bxc4 dxc4 17. d5 Na5 18. Nd4 Bd3 19. Rf3 b5 20. Ndxb5 Nb3 21. Nd4 Nxc1 22. Bxc1 Rab8 23. h3 Rb6 24. Rxd3 cxd3 25.
Qxd3 Rxc3 26. Qxc3 Qxd5 27. Qc8+ Bf8 28. f5 gxf5 29.
e6 Qxd4 30. Bh6 Qd1+ 31. Kh2 Qd6+ 32. Kh1 Rb8 33. exf7+ Kxf7 34. Qxf5+ Qf6 35. Qxh7+ Ke8 36. Bxf8 Kxf8 37. b4 Rd8 38. Qc2 Qf1+ 39. Kh2 Qf4+ 40. Kh1 Rd2 41. Qc8+ Kf7 42. Qc4+ Qxc4 0-1

[Event "*** Titled Tuesday Blitz"]
[Site "Chess.com"]
[Date "2020.02.04"]
[Round "8"]
[White "Supernotar"]
[Black "jefferyx"]
[Result "1-0"]
[WhiteElo "2614"]
[BlackElo "2919"]
[TimeControl "180+2"]
[EndTime "14:52:49 PST"]
[Termination "Supernotar won by resignation"]

1. d4 d5 2. c4 dxc4 3. e3 Nf6 4.
Bxc4 e6 5. Nf3 c5 6. O-O Nc6 7. Qe2 a6 8. Rd1 b5 9. Bd3 c4 10. Bc2 Nb4 11. e4 Bb7 12. d5 Nxc2 13. Qxc2 exd5 14. e5 Ne4 15. Nc3 Nc5 16. Nd4 g6 17. b4 Ne6 18. Ne4 dxe4 19. Nxe6 fxe6 20. Rxd8+ Rxd8 21. Bg5 Rd3 22. Bf6 Rg8 23. a4 Bxb4 24.
axb5 axb5 25. Qb2 Rb3 26. Qd4 Bd5 27. Qb6 Ra3 28. Qxb5+ Kf7 29. Qd7+ Kf8 30. Rxa3 Bxa3 31. Qd8+ Kf7 32. Qc7+ Kf8 33. Qb8+ 1-0

[Event "*** Titled Tuesday Blitz"]
[Site "Chess.com"]
[Date "2020.02.04"]
[Round "8"]
[White "GMHess"]
[Black "jguerramzllo"]
[Result "0-1"]
[WhiteElo "2736"]
[BlackElo "2606"]
[TimeControl "180+2"]
[EndTime "14:52:55 PST"]
[Termination "jguerramzllo won on time"]

1. b3 Nf6 2. Bb2 g6 3. h3 Bg7 4. e3 O-O 5. Ne2 b6 6. d3 Bb7 7. Nd2 d5 8. g4 c5 9. Bg2 Nc6 10. a3 e5 11. Ng3 d4 12. Nde4 Nxe4 13. Bxe4 Qd7 14. Qf3 Nd8 15. O-O-O a5 16. h4 Ra7 17.
h5 Ne6 18. Bxb7 Qxb7 19. Ne4 f5 20. gxf5 gxf5 21. Qh3 fxe4 22. Qxe6+ Qf7 23. Qxb6 exd3 24. Rxd3 a4 25. h6 Bf6 26. exd4 cxd4 27. Kb1 axb3 28.
Rxb3 Kh8 29. f4 Qd5 30. Rf1 e4 31. Qxa7 e3 32. Rxe3 Qc4 33. Rg1 Rc8 0-1

[Event "*** Titled Tuesday Blitz"]
[Site "Chess.com"]
[Date "2020.02.04"]
[Round "8"]
[White "chessdjw"]
[Black "Lovkov_Roman"]
[Result "1-0"]
[WhiteElo "2603"]
[BlackElo "2708"]
[TimeControl "180+2"]
[EndTime "14:52:56 PST"]
[Termination "chessdjw won by resignation"]

1. c4 e6 2. Nc3 d5 3. d4 c5 4. cxd5 exd5 5. Nf3 Nc6 6. dxc5 d4 7. Na4 Bxc5 8.
Nxc5 Qa5+ 9. Bd2 Qxc5 10. b4 Qb6 11. Qa4 a6 12. e3 dxe3 13. fxe3 Bd7 14. b5 Nce7 15.
Rb1 Nf6 16. Ne5 O-O 17. Nxd7 Nxd7 18. Qe4 Qf6 19. Qxb7 Nc5 20. Qf3 Qg6 21. Rc1 Nd3+ 22. Bxd3 Qxd3 23. b6 Qb5 24. Qe4 Rae8 25. Rb1 Qd7 26. b7 Nf5 27. Qf4 Nd6 28. O-O Nxb7 29. Bb4 Nd8 30. Bxf8 Rxf8 31. Rbd1 Qe7 32. Rd6 Ne6 33.
Qe5 a5 34. Kh1 a4 35. Ra6 a3 36. Qc3 Nc5 37. Qxa3 Qb7 38. Ra7 Qb5 39. Rc1 Nd3 40.
Qxf8+ Kxf8 41. Rc8+ Qe8 42. Rxe8+ Kxe8 1-0

[Event "*** Titled Tuesday Blitz"]
[Site "Chess.com"]
[Date "2020.02.04"]
[Round "8"]
[White "IMTominho"]
[Black "LiemLe"]
[Result "1-0"]
[WhiteElo "2819"]
[BlackElo "2940"]
[TimeControl "180+2"]
[EndTime "14:52:57 PST"]
[Termination "IMTominho won by resignation"]

1. d4 Nf6 2. Nf3 e6 3. Bf4 b6 4. e3 Bb7 5. Be2 d6 6. O-O Nbd7 7. h3 h6 8. Bh2 g5 9. c4 g4 10. hxg4 Nxg4 11. Bg3 Rg8 12. Qd3 h5 13. Nc3 Be7 14.
Qh7 Ndf6 15. Qd3 Nd7 16. Qh7 Ngf6 17. Qd3 Nf8 18. d5 e5 19. b4 Ng6 20. c5 Ng4 21.
cxd6 cxd6 22. Nd2 Bc8 23. Rac1 h4 24. Bh2 Kf8 25. Bxg4 Bxg4 26. f3 Bd7 27. Kh1 Kg7 28. Nc4 f5 29. a4 Rc8 30. Nb5 Bxb5 31. axb5 Qd7 32. Nd2 Bf6 33. Rc6 Ne7 34. Nc4 Nxc6 35. bxc6 Qe7 36. Qxf5 b5 37. Nd2 Qf7 38. Ne4 Be7 39.
Qxf7+ Kxf7 40. f4 Rg4 41. Nxd6+ Bxd6 42. fxe5+ Kg6 43. exd6 1-0

[Event "*** Titled Tuesday Blitz"]
[Site "Chess.com"]
[Date "2020.02.04"]
[Round "8"]
[White "PNEPaul"]
[Black "tteshan"]
[Result "1-0"]
[WhiteElo "1843"]
[BlackElo "2246"]
[TimeControl "180+2"]
[EndTime "14:52:57 PST"]
[Termination "PNEPaul won by resignation"]

1. e4 e6 2. d4 d5 3. e5 c5 4.
Qg4 h5 5. Qg3 Nh6 6. Bd3 c4 7. Be2 Nf5 8. Qf4 g5 9. Qd2 g4 10. c3 Bh6 11. Qc2 Bxc1 12. Qxc1 b5 13. Nd2 a5 14. Qc2 b4 15. b3 bxc3 16. Qxc3 cxb3 17. Nxb3 a4 18. Nc5 Qa5 19. Qxa5 Rxa5 20. Rd1 Na6 21. h3 g3 22. Nxa6 Bxa6 23. Bxa6 Rxa6 24.
Nf3 gxf2+ 25. Kxf2 Rb6 26. Rd2 Kd7 27. Ng5 Ke7 28. Rc1 Rb7 29. Rc6 Rhb8 30. Ra6 Rb2 31. Ra7+ Ke8 32. Rxb2 Rxb2+ 33. Kg1 h4 34. Nxf7 Ng3 35.
Nd6+ Kd8 36. Ra8+ Kc7 37. Rc8+ Kb6 38. Rb8+ Ka5 39. Rxb2 a3 40. Rb3 Ka4 41. Nb5 Ne2+ 42. Kf2 Nc1 43. Rc3 Nxa2 44. Rxa3+ Kxb5 45. Rxa2 Kc4 46. Rd2 Kc3 47. Ke2 Kc4 48. Rd3 Kb4 49. Rf3 Kc4 50.
Rf4 1-0

[Event "*** Titled Tuesday Blitz"]
[Site "Chess.com"]
[Date "2020.02.04"]
[Round "8"]
[White "Gordima"]
[Black "DamianoLew95"]
[Result "0-1"]
[WhiteElo "2802"]
[BlackElo "2628"]
[TimeControl "180+2"]
[EndTime "14:53:00 PST"]
[Termination "DamianoLew95 won by checkmate"]

1. d4 d5 2. c4 c6 3. Nf3 Nf6 4. Qc2 dxc4 5. Qxc4 Bf5 6. g3 Nbd7 7. Bg2 h6 8. O-O e6 9. Nc3 Be7 10. Rd1 Bc2 11. e3 Bxd1 12. Nxd1 O-O 13. Bd2 Rc8 14. Qb3 Qb6 15. Qa4 c5 16. Bc3 Qa6 17. Qxa6 bxa6 18.
Bf1 Nb8 19. b3 Nd5 20. Bb2 Rfd8 21. Be2 Nb6 22. Ba3 Kf8 23. dxc5 Bxc5 24. Bb2 a5 25. a3 Be7 26. Kf1 Rc2 27. Nd4 Rcc8 28. Bc3 a4 29. b4 e5 30. Nb5 a6 31. Bxe5 axb5 32. Bxb5 Rd5 33. Bxb8 Rxb5 34. Ba7 Bf6 35. Rb1 Ra8 36. Bxb6 Rxb6 37. Rc1 Rd8 38. Ke2 Rbd6 39. Nc3 Rc8 40. Na2 Rxc1 41. Nxc1 Bb2 42. Nd3 Bxa3 43. b5 Rb6 44.
Ne5 Rxb5 45. Nc4 Bc5 46. Kd3 a3 47. Kc2 a2 48. Kd3 a1=Q 49. Ke4 Rb4 50. Kd5 Qa2 51. Kc6 Qxc4 52. e4 Bd4+ 53. Kd7 Rb7+ 54. Kd6 Qc5# 0-1

[Event "*** Titled Tuesday Blitz"]
[Site "Chess.com"]
[Date "2020.02.04"]
[Round "8"]
[White "SCIM"]
[Black "hansen"]
[Result "0-1"]
[WhiteElo "2479"]
[BlackElo "2868"]
[TimeControl "180+2"]
[EndTime "14:53:00 PST"]
[Termination "hansen won by resignation"]

1. d4 Nf6 2. c4 e6 3. g3 c5 4. d5 exd5 5. cxd5 d6 6. Nc3 g6 7.
Nf3 Bg7 8. Bg2 O-O 9. O-O a6 10.
a4 Re8 11. Re1 Nbd7 12. Bf4 Nh5 13. Bg5 f6 14. Bd2 f5 15. Ng5 Nf8 16. e4 h6 17.
Ne6 Bxe6 18. dxe6 f4 19. gxf4 Nxe6 20. Qg4 Qf6 21. Nd5 Qf7 22. f5 Nf8 23. fxg6 Qxg6 24. Qxg6 Nxg6 25. Nc7 Nhf4 26. Nxa8 Rxa8 27. Bc3 Rf8 28.
Bxg7 Kxg7 29. Rad1 Nh4 30. Re3 Nhxg2 31. Rg3+ Kf6 32.
Rxd6+ Ke5 33. Rxh6 Rd8 34. h4 Ne1 35. Kh2 Rd2 36. Rg7 Rxf2+ 37. Kg1 Nh3+ 38. Kh1 Nf3 39. Rh5+ Kd4 40. Rd5+ Ke3 41. Rg2 Rf1+ 0-1

[Event "*** Titled Tuesday Blitz"]
[Site "Chess.com"]
[Date "2020.02.04"]
[Round "8"]
[White "czasnaszachy"]
[Black "SoltaniciR"]
[Result "0-1"]
[WhiteElo "2314"]
[BlackElo "2479"]
[TimeControl "180+2"]
[EndTime "14:53:11 PST"]
[Termination "SoltaniciR won on time"]

1. d4 Nf6 2. c4 e6 3. Nf3 b6 4. a3 Bb7 5. Nc3 d5 6. cxd5 Nxd5 7. e3 Be7 8. Bb5+ c6 9. Bd3 Nxc3 10. bxc3 O-O 11. O-O c5 12. Qe2 Qc7 13. Ne5 Nd7 14. f4 Nf6 15. e4 Rfd8 16. Bb2 b5 17. f5 Qb6 18. fxe6 fxe6 19. Kh1 Rf8 20. Rf3 Rad8 21.
Rh3 cxd4 22. Ng4 Nxg4 23. Qxg4 e5 24. cxd4 Bc8 25. Qg3 Bxh3 26. Qxh3 exd4 27. e5 Qh6 28. Qxh6 gxh6 29. Kg1 a6 30. a4 Bg5 31. axb5 Be3+ 32. Kh1 axb5 33. Bxb5 Rf2 34. Ba3 d3 0-1

[Event "*** Titled Tuesday Blitz"]
[Site "Chess.com"]
[Date "2020.02.04"]
[Round "8"]
[White "ural58"]
[Black "vovachesss"]
[Result "0-1"]
[WhiteElo "2375"]
[BlackElo "2571"]
[TimeControl "180+2"]
[EndTime "14:53:13 PST"]
[Termination "vovachesss won by resignation"]

1. e4 e5 2. f4 d5 3. exd5 exf4 4.
Nf3 Nf6 5. Bb5+ Nbd7 6. O-O Be7 7. d4 O-O 8. Bxf4 Nxd5 9. Bd2 c6 10. Bd3 N7f6 11. c4 Nb4 12. Be2 Bf5 13. Na3 a5 14.
h3 Ne4 15. Be1 Bf6 16. Ne5 Bg6 17. Bf3 Nd6 18. Bc3 Nf5 19. Re1 Qc7 20. g4 Nh4 21.
Bh1 Rad8 22. Qe2 Nd3 23. Nxg6 Qg3+ 24. Bg2 fxg6 25. Rf1 Nf4 26. Rxf4 Qxf4 27. Nc2 Rde8 28. Qd3 Bd8 29. Rf1 Qd6 30. Ne3 Bc7 31. Rxf8+ Rxf8 32. Nf1 Qf4 33. Qe3 Nxg2 34. Qxf4 Nxf4 0-1

[Event "*** Titled Tuesday Blitz"]
[Site "Chess.com"]
[Date "2020.02.04"]
[Round "8"]
[White "Manukyan_Artak"]
[Black "ChessPlayer202202"]
[Result "1-0"]
[WhiteElo "2332"]
[BlackElo "2242"]
[TimeControl "180+2"]
[EndTime "14:53:15 PST"]
[Termination "Manukyan_Artak won by resignation"]

1. e4 e5 2. Nf3 Nc6 3. d4 exd4 4.
Nxd4 Nf6 5. Nxc6 bxc6 6. e5 Qe7 7. Qe2 Nd5 8. c4 Ba6 9. b3 g6 10. Bb2 Bg7 11. g3 Qb4+ 12. Qd2 Qxd2+ 13. Nxd2 Nb4 14.
Kd1 c5 15. Bg2 O-O-O 16. Bc3 Nd3 17. Kc2 Nxf2 18. Rhf1 Ng4 19. Rxf7 Bxe5 20. Re1 Rde8 21. Bh3 h5 22. Bxg4 Bxc3 23. Bxd7+ Kd8 24. Rxe8+ Rxe8 25. Bxe8 Kxe8 26. Rxc7 Bd4 27. Ne4 Kd8 28. Rxa7 Bc8 29. Nd6 Bg4 30. Kd3 Bg1 31. h4 Bf2 32. Ne4 Bf5 33. Rg7 Bxg3 34. a4 Bxh4 35. a5 Bf6 36.
Rf7 Be5 37. a6 1-0

[Event "*** Titled Tuesday Blitz"]
[Site "Chess.com"]
[Date "2020.02.04"]
[Round "8"]
[White "TigrVShlyape"]
[Black "FelixJoseYnojosa"]
[Result "1/2-1/2"]
[WhiteElo "2840"]
[BlackElo "2697"]
[TimeControl "180+2"]
[EndTime "14:53:22 PST"]
[Termination "Game drawn by repetition"]

1. d4 Nf6 2. Nf3 e6 3. Bf4 c5 4.
e3 Nc6 5. Nbd2 d5 6. c3 Nh5 7. Bg5 Qb6 8. Qb3 h6 9. Bh4 g5 10. Bg3 Nxg3 11. hxg3 g4 12. Ne5 Nxe5 13. dxe5 h5 14. Bb5+ Ke7 15. Be2 Bg7 16. f4 gxf3 17. Nxf3 c4 18. Qxb6 axb6 19. a3 b5 20. Kf2 Bd7 21.
Rh4 Rh6 22. g4 hxg4 23. Rxg4 Rg6 24. Rxg6 fxg6 25. Rh1 Rh8 26. Rxh8 Bxh8 27. Kg3 Bg7 28. Kg4 Bh6 29. Ng5 Bg7 30. Kf4 Bh6 31. Bd1 Be8 32.
Bc2 b6 33. g3 Bg7 34. e4 Bh6 35. exd5 exd5 36. Bb1 Bf7 37. Bc2 Be8 38. Bb1 Bf7 39. Bc2 Be8 1/2-1/2

[Event "*** Titled Tuesday Blitz"]
[Site "Chess.com"]
[Date "2020.02.04"]
[Round "8"]
[White "Lagmantr"]
[Black "riconaipe"]
[Result "0-1"]
[WhiteElo "2731"]
[BlackElo "2576"]
[TimeControl "180+2"]
[EndTime "14:53:26 PST"]
[Termination "riconaipe won by resignation"]

1. e4 c6 2. d4 d5 3. Nc3 dxe4 4.
Nxe4 Bf5 5. Ng3 Bg6 6. Bc4 e6 7. N1e2 Bd6 8. O-O Qc7 9. Bg5 h6 10. Bh4 Nf6 11. f4 Nbd7 12. c3 O-O-O 13. Bd3 Bxd3 14.
Qxd3 Rde8 15. Rae1 Nd5 16. Ne4 Bxf4 17. Nxf4 Nxf4 18.
Rxf4 g5 19. Rxf7 gxh4 20. Nf6 Rd8 21. Rxe6 Rhf8 22. Rxd7 Rxd7 23. Nxd7 Qxd7 24. Qg6 h3 25. Qxh6 Qf7 26. Rxc6+ bxc6 27. Qxc6+ Kb8 28. Qb5+ Ka8 29. Qc6+ Qb7 30. Qxb7+ Kxb7 31. gxh3 Kc6 32. Kg2 Kd5 33. Kg3 Ke4 34. h4 Rg8+ 35. Kf2 Kd3 36. Kf3 a5 37. Kf4 a4 38. d5 Kc4 39. Ke5 Kc5 40. b4+ Kb6 41. Kf6 Rg2 42. h5 Rxa2 43. h4 Rh2 44.
Kg5 Rg2+ 45. Kf6 a3 46. h6 Rg8 47. h7 Rd8 48. Ke7 Rh8 0-1

[Event "*** Titled Tuesday Blitz"]
[Site "Chess.com"]
[Date "2020.02.04"]
[Round "8"]
[White "TheBigBadChessDad"]
[Black "Alopekos"]
[Result "1-0"]
[WhiteElo "2327"]
[BlackElo "2454"]
[TimeControl "180+2"]
[EndTime "14:53:26 PST"]
[Termination "TheBigBadChessDad won by resignation"]

1. d4 Nf6 2. Nf3 e6 3. Bf4 Be7 4. Nbd2 c5 5. c3 O-O 6. e4 cxd4 7. cxd4 d6 8. Bd3 b6 9. Qe2 Bb7 10. h3 Nc6 11. a3 e5 12. dxe5 dxe5 13. Nxe5 Nd4 14. Qd1 Bd6 15. Ndc4 Bc7 16. Bh2 Qe7 17. Ng4 Nxe4 18. O-O f5 19. Nge3 Bxh2+ 20. Kxh2 b5 21.
Bxe4 Qxe4 22. f3 Qf4+ 23. g3 Qh6 24. Qxd4 bxc4 25. Qxc4+ Kh8 26. Qf4 Qf6 27. Qb4 Rab8 28.
Qc3 Qg6 29. Rae1 f4 30. gxf4 Rxf4 31. Qc7 Rff8 32. Rg1 Qh6 33. Nf5 Qd2+ 34. Rg2 Qxg2+ 35. Kxg2 1-0

[Event "*** Titled Tuesday Blitz"]
[Site "Chess.com"]
[Date "2020.02.04"]
[Round "8"]
[White "Arathorn2"]
[Black "reigningmvp"]
[Result "0-1"]
[WhiteElo "2246"]
[BlackElo "2345"]
[TimeControl "180+2"]
[EndTime "14:53:27 PST"]
[Termination "reigningmvp won by resignation"]

1. d4 Nf6 2. c4 e6 3. Nf3 d5 4. cxd5 exd5 5. Bg5 Bb4+ 6. Nbd2 O-O 7. e3 h6 8. Bh4 Be7 9. Bd3 Ne4 10. Bxe7 Qxe7 11. O-O Nd7 12. Qc2 Ndf6 13. Ne5 Nxd2 14. Qxd2 c6 15.
Rac1 Ne8 16. Bb1 Nd6 17. Qb4 Qf6 18. f4 Nf5 19. Bxf5 Qxf5 20. Rc3 f6 21. Nf3 Re8 22. h3 a5 23. Qb3 Qd7 24. a3 Qe7 25. Ne1 Bf5 26. Rf3 Be4 27. Rg3 h5 28. Nd3 h4 29.
Rg4 Bf5 30. Rxh4 Qxe3+ 31. Kh2 Qxd4 32. Nc5 b5 33. Nb7 Re1 34. Nd6 Qg1+ 35. Kg3 Re2 36. Rh8+ Kxh8 37. Nxf5 Rxg2+ 38. Kh4 Qf2+ 39. Rg3 Qxf4+ 40.
Rg4 Rxg4+ 41. hxg4 Qh2+ 42. Qh3 g5+ 0-1

[Event "*** Titled Tuesday Blitz"]
[Site "Chess.com"]
[Date "2020.02.04"]
[Round "8"]
[White "ShahMatKanal"]
[Black "guillembaches"]
[Result "1-0"]
[WhiteElo "2501"]
[BlackElo "2382"]
[TimeControl "180+2"]
[EndTime "14:53:28 PST"]
[Termination "ShahMatKanal won by resignation"]

1. d4 Nf6 2. c4 e6 3. a3 d5 4. cxd5 exd5 5. Nc3 c6 6. Bg5 h6 7. Bh4 Be7 8. e3 Nbd7 9. Bd3 O-O 10. Nge2 Re8 11.
O-O Nf8 12. b4 a6 13. Rb1 Ne4 14. Bxe7 Qxe7 15. Bxe4 dxe4 16. Ng3 f5 17. d5 Rd8 18.
Qb3 cxd5 19. Nxd5 Qe6 20. Nxf5 Kh7 21. Nfe7 Bd7 22. f4 exf3 23. Rxf3 Re8 24. Qd3+ Kh8 25.
Rxf8+ Rxf8 26. Ng6+ Kg8 27. Nde7+ Kf7 28. Rf1+ Qf6 29.
Rxf6+ gxf6 30. Qxd7 Rad8 31. Qf5 Rfe8 32. Kf2 Rxe7 33.
Nxe7 Kxe7 34. Qh7+ Ke6 35. Qxb7 Rd2+ 36. Kf3 Rb2 37.
Qxa6+ Kf7 38. Qc4+ Kg6 39. h4 h5 40. Qe4+ Kg7 41. g3 Kh6 42. Qf5 Kg7 43. b5 Ra2 44.
Qd7+ Kh6 45. b6 f5 46. Qe6+ 1-0